AoeStats
← Shredded_Pork

Black Forest

506390334Analyzed
4v4 RM · 19d ago on Sep 13, 2026· 35m 58s· 8 players
Game mode
Random Map
Map size
Large (8 player)
Population
200
Speed
Normal
Resources
Standard
Victory
Conquest
Starting age
Dark Age
Ending age
Imperial Age
RankedLock teamsTeams togetherTeam positionsShared explorationLock speedFull tech treeHidden civsTurbo modeCheats
Victory
Defeat
🇨🇳 Britons · China
784
+13
🇨🇳 Persians · China
778
+13
🇨🇳 Sicilians · China
752
+15
🇬🇧 Teutons · United Kingdom
685
+18
🇧🇷 Chinese · Brazil
747
-16
🇨🇴 Koreans · Colombia
725
-15
🇬🇧 Khmer · United Kingdom
707
-14
🇺🇸 Persians · United States
702
-14
KaputLand6596
0:27 Loom
14:45 Feudal Age
15:05 Horse Collar
15:15 Double-Bit Axe
18:05 Wheelbarrow
21:11 Castle Age
26:01 Stone Mining
27:46 Caravan
29:27 Bloodlines
30:06 Crossbowman
31:45 Husbandry
31:58 Forging
31:53 Scale Barding Armor
32:33 Fletching
•SHS - Léo
0:33 Loom
11:03 Feudal Age
14:13 Gold Mining
14:14 Double-Bit Axe
14:16 Horse Collar
15:22 Stone Mining
22:48 Castle Age
21:25 Padded Archer Armor
21:36 Scale Barding Armor
22:00 Scale Mail Armor
22:11 Forging
gurungkamal
0:57 Loom
16:42 Feudal Age
18:12 Double-Bit Axe
18:20 Stone Mining
18:21 Gold Mining
21:11 Wheelbarrow
21:39 Horse Collar
27:49 Castle Age
26:25 Town Watch
29:17 Caravan
29:33 Bow Saw
29:25 Heavy Plow
30:03 Stone Shaft Mining
30:46 Gold Shaft Mining
32:06 Hand Cart
33:20 Fortified Wall
33:22 Masonry
33:04 Pikeman
LReyes4029
7:57 Loom
15:29 Feudal Age
16:10 Horse Collar
16:18 Double-Bit Axe
19:19 Gold Mining
19:50 Fletching
21:09 Wheelbarrow
21:07 Stone Mining
23:05 Town Watch
25:26 Castle Age
27:02 Arson
27:58 Hand Cart
27:46 Heavy Plow
28:28 Bow Saw
29:16 Gold Shaft Mining
28:28 Crossbowman
29:17 Thumb Ring
29:09 Bodkin Arrow
31:50 Squires
32:56 Stone Shaft Mining
35:19 Town Patrol
Jimbo990
10:53 Feudal Age
13:46 Double-Bit Axe
17:00 Horse Collar
23:08 Castle Age
24:50 Heavy Plow
24:43 Man-at-Arms
26:57 Loom
26:57 Town Watch
28:05 Long Swordsman
29:06 Masonry
29:45 Caravan
30:04 Gambesons
30:20 Squires
31:15 Bow Saw
35:00 Imperial Age
33:01 Scale Mail Armor
0
0:53 Loom
15:32 Feudal Age
18:12 Double-Bit Axe
18:10 Horse Collar
18:23 Gold Mining
18:23 Stone Mining
21:37 Castle Age
23:49 Heavy Plow
24:06 Bow Saw
24:54 Gold Shaft Mining
30:40 Wheelbarrow
31:44 Hand Cart
34:28 Imperial Age
31:52 Fletching
32:02 Padded Archer Armor
32:12 Padded Archer Armor
32:38 Yeomen
32:47 Yeomen
33:07 Bodkin Arrow
33:28 Leather Archer Armor
33:02 Town Watch
34:44 Town Patrol
35:17 Bracer
35:47 Ring Archer Armor
35:42 Conscription
35:24 Warwolf
34:52 Elite Longbowman
37:18 Chemistry
36:39 Ballistics
Shredded_Pork
11:12 Feudal Age
11:31 Double-Bit Axe
11:30 Horse Collar
15:28 Forging
15:23 Scale Barding Armor
20:34 Castle Age
21:23 Stone Mining
21:23 Gold Mining
21:40 Heavy Plow
21:53 Bow Saw
25:19 Stone Shaft Mining
25:19 Gold Shaft Mining
31:24 Imperial Age
29:37 Wheelbarrow
29:29 Chain Barding Armor
29:10 Scale Mail Armor
29:49 Iron Casting
30:56 Hand Cart
30:49 Caravan
30:58 Squires
31:07 Kamandaran
32:16 Plate Barding Armor
32:42 Blast Furnace
33:33 Chemistry
32:53 Ballistics
32:45 Husbandry
32:55 Bloodlines
34:00 Conscription
33:38 Cavalier
asuka
0:58 Loom
15:59 Feudal Age
16:24 Horse Collar
21:10 Castle Age
20:03 Scale Mail Armor
21:05 Stone Mining
22:18 Chain Mail Armor
22:14 Forging
27:02 Fletching
30:57 Murder Holes
33:35 Bodkin Arrow
36:58 Iron Casting
Connection lost

Rejoining the realm…

Still unreachable

The connection could not be restored.

Session expired

The server has moved on; the page needs a fresh start.